 Seeded DCSS version 0.30.1-9-gdf580d7c3d (webtiles) character file.

Game seed: 7229806256980976716 (custom seed)

25 Psyclone the Digger (level 3, 12/12 HPs)
             Began as a Meteoran Earth Elementalist on Oct 16, 2023.
             Quit the game on level 1 of the Dungeon.
             The game lasted 00:03:28 (788 turns).

Psyclone the Digger (Meteoran Earth Elementalist)    Turns: 788, Time: 00:03:29

Health: 12/12      AC:  2    Str:  8    XL:     3   Next: 35%
Magic:  8/8        EV: 13    Int: 16    God:
Gold:   3792       SH:  0    Dex: 22    Spells: 7/8 levels left

rFire   . . .        (no weapon)
rCold   . . .        (no shield)
rNeg    . . .        a - +0 robe
rPois   .            (no helmet)
rElec   .            (no cloak)
rCorr   .            (no gloves)
SInv    .            (no boots)
Will    .....        (no amulet)
Stlth   +            (no ring)
HPRegen 0.22/turn    (no ring)
MPRegen 0.11/turn

%: no passive effects
@: glowing
A: sense surroundings 2, otherworldly, glowing, explore regen, agile 2,
evolution 1
a: no special abilities


You were on level 1 of the Dungeon.
You visited 1 branch of the dungeon, and saw 1 of its levels.

You collected 3792 gold pieces.

Inventory:

Missiles
 d - a throwing net {!f}
Armour
 a - a +0 robe (worn)
Scrolls
 c - 2 scrolls of amnesia {unknown}
 e - a scroll of identify {unknown}
 f - a scroll of blinking {unknown}
Potions
 b - a potion of magic


   Skills:
 - Level 2.4 Dodging
 - Level 1.4 Stealth
 * Level 3.4 Spellcasting
 + Level 1.8 Transmutations
 * Level 4.2 Earth Magic


You had 7 spell levels left.
You knew the following spells:

 Your Spells              Type           Power      Damage    Failure   Level
a - Sandblast             Erth           32%        2d9       3%          1

Your spell library contained the following spells:

 Spells                   Type           Power      Damage    Failure   Level
 Passwall                 Tmut/Erth      10%        N/A       8%          2
 Stone Arrow              Conj/Erth      18%        3d8       22%         3
 Petrify                  Tmut/Erth      12%        N/A       45%         4


Dungeon Overview and Level Annotations

Branches:
Dungeon (1/15) Zot: 200

Altars:


Innate Abilities, Weirdness & Mutations

You passively map the area around you.
You are easily found by Zot.
You glow in the dark.
You regain HP and MP as you explore.
You are very agile. (Dex +8, Str/Int -2)
You have hidden genetic potential.


Message History

You kill the jackal!
Your magical contamination has completely faded away.
You now have 3/8 mp.
Casting: Sandblast (safe; 3% risk of failure)
Confirm with . or Enter, or press ? or * to list all spells.
You can't see any susceptible monsters within range! (Use Z to cast anyway.) Unknown command.
You see here a jackal corpse.
You see here a jackal corpse.
There is a stone staircase leading down here.
Zot has nearly found you.
Suffering is imminent.
Descend or flee this branch!
Health restored: 26 Zot's power touches on you...
You take 8 damage, and have 18/18 hp.
MASSIVE DAMAGE!!
You have lingered too long.
Zot senses you.
Dive deeper or flee this branch before you suffer!
MP restored: 8 Done exploring.
Search for what [? for help]? .
Casting: Sandblast (safe; 3% risk of failure)
Confirm with . or Enter, or press ? or * to list all spells.
You can't see any susceptible monsters within range! (Use Z to cast anyway.) Unknown command.
Zot draws nearer.
Dive deeper or flee this branch before you suffer!
Okay, then.
Okay, then.
Unknown command.
Zot has nearly found you.
Suffering is imminent.
Descend or flee this branch!
Casting: Sandblast (safe; 3% risk of failure)
Confirm with . or Enter, or press ? or * to list all spells.
You can't see any susceptible monsters within range! (Use Z to cast anyway.) Unknown command.
Casting: Sandblast (safe; 3% risk of failure)
Confirm with . or Enter, or press ? or * to list all spells.
You can't see any susceptible monsters within range! (Use Z to cast anyway.) Unknown command.
Zot's power touches on you...
You take 6 damage, and have 12/12 hp.
MASSIVE DAMAGE!!
Unknown command.
Unknown command.
Are you sure you want to abandon this character and quit the game? (Confirm with "yes".)

########.#.#.###..# #.#
.....##⌠.P.P.⌠##.## #.#
.######.......###.## #.# .###
##...<...####.## #.# ...#
###########..#.# #.#
##.####♣..>..♣###..## #.#
#...##.......###.## #.#
##.####♣.⌠_⌠.♣##..############.#
...# #####⌠#####@..............#
.### ############.#############
## #.# ### #.# ..# #.# #?#
##########.# #.# #..........#
#.# #.########## #(#######.#


There were no monsters in sight!

Vanquished Creatures
  3 bats (D:1)
  2 giant cockroaches (D:1)
  A goblin (D:1)
  2 hobgoblins (D:1)
  6 jackals (D:1)
  2 quokkas (D:1)
  2 ball pythons (D:1)
  A frilled lizard (D:1)
  A rat (D:1)
20 creatures vanquished.

Notes
Turn   | Place    | Note
-------+----------+-------------------------------------------
     0 | D:1      | Psyclone the Meteoran Earth Elementalist began the quest
                  | for the Orb.
     0 | D:1      | Reached XP level 1. HP: 14/14 MP: 5/5
    64 | D:1      | Identified 3 scrolls of acquirement
    64 | D:1      | Acquired 1248 gold pieces
    65 | D:1      | Acquired 1275 gold pieces
    88 | D:1      | Acquired 1252 gold pieces
   159 | D:1      | Reached XP level 2. HP: 20/20 MP: 3/6
   186 | D:1      | Gained mutation: You are agile. (Dex +4, Str/Int -1)
                  | [potion of mutation]
   186 | D:1      | Gained mutation: You have hidden genetic potential. [potion
                  | of mutation]
   186 | D:1      | Gained mutation: You are very agile. (Dex +8, Str/Int -2)
                  | [potion of mutation]
   204 | D:1      | Reached skill level 4 in Earth Magic
   236 | D:1      | Reached XP level 3. HP: 26/26 MP: 3/8
   248 | D:1      | Gained mutation: You passively map the area around you.
                  | [hidden potential]
   490 | D:1      | Glimpsed the power of Zot.
   539 | D:1      | Glimpsed the power of Zot.
   577 | D:1      | Glimpsed the power of Zot.
   587 | D:1      | Touched by the power of Zot.
   688 | D:1      | Glimpsed the power of Zot.
   738 | D:1      | Glimpsed the power of Zot.
   778 | D:1      | Glimpsed the power of Zot.
   787 | D:1      | Touched by the power of Zot.
   788 | D:1      | Quit the game

Illustrated notes

Levels and vault maps discovered:
D:1:      spicycebolla_arrival_ecumenical, layout_loops_ring

Skill      XL: |  1  2 |
---------------+-------+-----
Spellcasting   | 3 |  3.4
Earth Magic    | 4 |  4.2
Dodging        | |  2.4
Stealth        | |  1.4
Transmutations | |  1.8

Action                     || total
---------------------------++-------
  Melee: Unarmed           ||     1
   Cast: Sandblast         ||    25
    Use: Scroll            ||     3
         Potion            ||     1
 Armour: Robe              ||     6
  Dodge: Dodged            ||    14
